Map: [ESL] Ghost River

Players

NightPhoenix

  • Race: Protoss Protoss
  • Spawn Location: 1:00

ShoWTimE - Winner!

  • Race: Protoss Protoss
  • Spawn Location: 11:00

Event: ESL SC2 Masters 2024 Spring (Regional)

VOD

Have the link to the VOD?

Description

Time

  • Played on: April 11, 2024, 12:03 p.m.
  • Length: 8:19

All games in this series

Show
View Real Time Build Order
Export as new Build Order

NightPhoenix Protoss 

Build Orders: Blink Stalkers 

Get SALT Encoding   

  12  0:00  Probe  
  13  0:12  Probe  
  14  0:17  Pylon  
  14  0:24  Probe (Chrono Boost)  
  15  0:36  Probe (Chrono Boost), Gateway  
  16  0:45  Probe (Chrono Boost)  
  16  0:46  Assimilator  
  17  0:51  Probe  
  17  0:53  Assimilator  
  18  1:03  Probe (Chrono Boost)  
  19  1:06  Gateway  
  19  1:13  Probe (Chrono Boost)  
  19  1:18  Probe (Chrono Boost)  
  20  1:24  Cybernetics Core  
  21  1:29  Probe  
  22  1:34  Pylon  
  22  1:41  Probe  
  24  2:00  Stalker x2  
  18  2:01  Warp Gate  
  28  2:11  Pylon  
  27  2:23  Twilight Council  
  27  2:32  Stalker  
  27  2:33  Stalker  
  31  2:50  Gateway  
  31  2:54  Blink (Chrono Boost)  
  31  2:59  Pylon  
  31  3:17  Pylon, Gateway  
  28  3:55  Stalker x3  
  32  4:12  Stalker  
  34  4:18  Stalker x3  
  40  4:35  Stalker  
  42  4:44  Stalker  
  42  4:45  Stalker x2  
  38  5:11  Adept x4  
  44  5:36  Stalker x3  
  38  5:59  Adept x4  
  46  6:21  Stalker x3  
  52  6:27  Stalker  
  50  6:48  Stalker x2  
  44  7:13  Stalker  
  44  7:14  Stalker, Adept  
  48  7:17  Adept  
  46  7:48  Stalker x4  
Show
View Real Time Build Order
Export as new Build Order

ShoWTimE Protoss - Winner!

Build Orders: Phoenix Opening 

Get SALT Encoding   

  12  0:00  Probe  
  13  0:12  Probe  
  14  0:17  Pylon  
  14  0:24  Probe (Chrono Boost)  
  15  0:36  Probe (Chrono Boost), Gateway  
  16  0:43  Probe (Chrono Boost)  
  16  0:45  Assimilator  
  17  0:50  Probe  
  18  1:03  Probe (Chrono Boost)  
  19  1:04  Assimilator  
  19  1:09  Gateway  
  19  1:13  Probe (Chrono Boost)  
  19  1:18  Probe (Chrono Boost)  
  20  1:23  Cybernetics Core  
  21  1:29  Probe  
  22  1:34  Pylon  
  22  1:41  Probe  
  23  1:53  Probe  
  24  1:59  Stalker  
  24  2:00  Warp Gate  
  28  2:05  Sentry, Probe  
  29  2:12  Pylon  
  29  2:17  Probe  
  30  2:25  Pylon  
  30  2:30  Sentry  
  30  2:31  Stalker  
  30  2:33  Probe  
  35  2:37  Phoenix  
  35  2:53  Nexus  
  35  2:55  Probe  
  36  3:01  Shield Battery  
  36  3:10  Twilight Council  
  36  3:17  Robotics Facility  
  36  3:21  Pylon, Sentry  
  36  3:25  Probe  
  39  3:39  Probe, Shield Battery  
  38  3:50  Stalker  
  38  3:52  Probe  
  38  3:54  Stalker  
  43  4:02  Immortal (Chrono Boost)  
  47  4:11  Shield Battery  
  47  4:17  Stalker  
  47  4:21  Stalker  
  51  4:30  Probe x2  
  51  4:40  Immortal (Chrono Boost)  
  51  4:46  Stalker  
  51  4:51  Stalker  
  55  4:57  Probe x2  
  50  5:09  Immortal (Chrono Boost)  
  54  5:15  Stalker  
  54  5:16  Zealot  
  54  5:18  Probe  
  58  5:25  Pylon  
  58  5:35  Probe  
  58  5:37  Adept  
  54  5:45  Stalker  
  57  5:55  Immortal (Chrono Boost)  
  49  6:02  Probe x2  
  55  6:11  Stalker  
  57  6:15  Shield Battery  
  57  6:17  Adept  
  59  6:19  Probe  
  59  6:21  Probe  
  59  6:24  Observer  
  61  6:28  Pylon  
  62  6:34  Probe  
  62  6:35  Probe  
  62  6:36  Shield Battery  
  64  6:41  Stalker  
  64  6:50  Probe  
  64  6:51  Probe  
  64  6:52  Zealot, Assimilator  
  62  7:03  Immortal (Chrono Boost), Shield Battery, Probe  
  63  7:14  Stalker  
  63  7:15  Stalker  
  65  7:19  Probe  
  65  7:20  Probe  
  67  7:27  Gateway  
  67  7:31  Shield Battery, Probe  
  66  7:38  Stalker x2  
  66  7:43  Shield Battery  
  67  7:45  Probe  
  66  7:57  Probe x2  
  68  8:07  Stalker  
  68  8:08  Stalker  
Tags
 
Add a new tag
Caveats
  • Supply blocks, unpowered buildings, or Contaminate may cause inaccurate times.
  • Supply counts are checked every 10 seconds.